 Dungeon Crawl Stone Soup version 0.29.1-12-g30fa7ad0bf (webtiles) character file.

Game seed: 1127143798000364035

1430 wormed the Cudgeller (level 8, -4/51 HPs)
             Began as a Gargoyle Fighter on Dec 21, 2022.
             Was an Initiate of the Shining One.
             Slain by a yak (10 damage)
             ... on level 6 of the Dungeon.
             The game lasted 00:13:29 (8286 turns).

wormed the Cudgeller (Gargoyle Fighter)             Turns: 8286, Time: 00:13:29

Health: -4/51      AC: 18    Str: 22    XL:     8   Next: 73%
Magic:  0/8        EV:  7    Int:  9    God:    the Shining One [......]
Gold:   297        SH:  5    Dex:  9    Spells: 7/7 levels left

rFire   . . .      SeeInvis .   a - +0 flail
rCold   + . .      Faith    .   c - +0 buckler
rNeg    + . .      Spirit   +   A - +0 chain mail
rPois   ∞          Reflect  .   s - +0 helmet
rElec   +          Harm     .   (no cloak)
rCorr   .          Rampage  .   t - +0 pair of gloves
Will    +....                   (no boots)
Stlth   ..........              e - amulet of guardian spirit
HPRegen 0.17/turn               r - ring of protection from cold
MPRegen 0.11/turn               F - ring of willpower

@: glowing
A: sickness immunity, AC +5, negative energy resistance 1, electricity
resistance, torment resistance 1, petrification resistance
a: Renounce Religion


You were on level 6 of the Dungeon.
You worshipped the Shining One.
The Shining One was noncommittal.
You visited 2 branches of the dungeon, and saw 8 of its levels.
You also visited: Sewer.

You collected 315 gold pieces.
You donated 18 gold pieces to Zin.

Inventory:

Hand Weapons
 a - a +0 flail (weapon)
 w - the +8 storm bow {elec, penet}
   (You found it on level 4 of the Dungeon)

   Any ammunition fired from it occasionally discharges a powerful burst of
   electricity upon striking a foe.
   Any ammunition fired by it passes through the targets it hits, potentially
   hitting all targets in its path until it reaches maximum range.
Missiles
 q - 2 throwing nets (quivered)
Armour
 c - a +0 buckler (worn)
 s - a +0 helmet (worn)
 t - a +0 pair of gloves (worn)
 A - a +0 chain mail (worn)
Jewellery
 e - an amulet of guardian spirit (around neck)
 r - a ring of protection from cold (left hand)
 E - a ring of fire
 F - a ring of willpower (right hand)
Wands
 H - a wand of polymorph (9)
 I - a wand of flame (20)
Scrolls
 j - a scroll of blinking {unknown}
 k - 3 scrolls of teleportation {unknown}
 m - a scroll of summoning {unknown}
 n - 3 scrolls of fear {unknown}
 o - a scroll of enchant weapon
 y - 2 scrolls of immolation {unknown}
 C - a scroll of magic mapping {unknown}
 D - a scroll of identify
 G - a scroll of silence {unknown}
 J - a scroll of acquirement {unknown}
Potions
 b - 4 potions of mutation
 d - 2 potions of might
 f - 2 potions of lignification
 g - a potion of haste
 h - 3 potions of flight
 i - a potion of degeneration
 l - 4 potions of heal wounds
 p - a potion of invisibility
 u - 2 potions of ambrosia
 v - a potion of brilliance {unknown}
 x - a potion of magic {unknown}
 z - a potion of berserk rage {unknown}
 B - a potion of attraction {unknown}


   Skills:
 + Level 6.0 Fighting
 * Level 6.9 Maces & Flails
 + Level 6.0 Armour
 + Level 6.0 Shields


You had 7 spell levels left.
You didn't know any spells.
Your spell library contained the following spells:

 Spells                   Type           Power      Damage    Failure   Level
 Foxfire                  Conj/Fire      0%         2x1d4     98%         1
 Conjure Flame            Conj/Fire      0%         6-21      100%        3
 Gell's Gravitas          Tloc           0%         N/A       100%        3
 Inner Flame              Hex/Fire       0%         N/A       100%        3
 Lesser Beckoning         Tloc           0%         N/A       100%        3
 Teleport Other           Tloc           0%         N/A       100%        3
 Corpse Rot               Necr/Pois/Air  0%         N/A       100%        4
 Dispel Undead            Necr           0%         3d6       100%        4
 Flame Wave               Conj/Fire      0%         2d4       100%        4
 Death Channel            Necr           0%         N/A       100%        6


Dungeon Overview and Level Annotations

Branches:
Dungeon (7/15)             Temple (1/1) D:6           Sewer (visited)

Altars:
Ashenzari
Cheibriados
Dithmenos
Fedhas
Kikubaaqudgha
Makhleb
Nemelex Xobeh
Okawaru
Qazlal
Ru
Uskayaw
Vehumet
Wu Jian
Xom
Zin
The Shining One

Shops:
D:2 (   D:6 :


Innate Abilities, Weirdness & Mutations

You are immune to sickness and miasma.
Your stone body is resilient. (AC +5)
You are immune to poison.
You resist negative energy. (rN+)
You are resistant to electric shocks. (rElec)
You are resistant to unholy torment.
You are immune to petrification.


Message History

The yak completely misses you. The yak gores you! The yak barely misses you.
The yak attacks as you move away! The yak closely misses you.
There is a stone staircase leading up here.
The yak gores you.
You climb upwards.
There is a stone staircase leading down here.
You hit the yak but do no damage.
The yak is lightly wounded.
The yak barely misses you.
You hit the yak.
The yak is lightly wounded.
The yak gores you.
You sock the yak!
The yak is heavily wounded.
The yak gores you but does no damage. x2
You completely miss the yak.
The yak is heavily wounded.
The yak gores you!
You sock the yak!
The yak is severely wounded.
The yak gores you!
* * * LOW HITPOINT WARNING * * *
You hit the yak but do no damage.
The yak is severely wounded.
The yak gores you but does no damage.
You hit the yak but do no damage.
The yak is severely wounded.
You block the yak's attack.
You hit the yak.
The yak is severely wounded.
The yak gores you.
* * * LOW HITPOINT WARNING * * *
You hit the yak but do no damage.
The yak is severely wounded.
The yak gores you but does no damage.
You hit the yak.
The yak is almost dead.
The yak gores you!
You die...

≈~#...#..)..................#####
≈≈#.⌠.#..........................
≈≈#...#.....................#.###
≈≈≈###....####...#####........# #
≈≈≈≈....#.# #...# ##.....### #
≈≈≈≈.(....# #...# ##...##
≈≈~###..### #...# ####.#######
≈≈#...#[######...### #.....[[....
≈≈#.⌠.#.........@Y.# #.##.##.#...
~~#...#..##...#.##.# #.##.##.....
..~###..###[.#..##.# #.##........
..........<.....##.# #.#####.....
######.#.##....##..###.#####.#...
# #.#.##...#...........(......
#...........⌠.⌠.###.########
###.####.##.....# #.### ### #.#
#.##..∩..# #...# #..


You could see a yak.

Vanquished Creatures
  A water moccasin (D:6)
  An ice beast (D:6)
  2 sky beasts (D:6)
  A phantom (D:5)
  2 kobold brigands (Sewer)
  2 bullfrogs (D:6)
  2 scorpions (D:5)
  An electric eel (D:6)
  2 hounds
  A jelly (D:5)
  2 orc priests
  A gnoll bouda (D:5)
  2 orc wizards
  An iguana (D:6)
  10 gnolls
  5 adders
  A river rat (Sewer)
  A shadow imp (D:6)
  An ufetubus (D:5)
  3 worms
  24 orcs
  5 ball pythons
  12 bats
  7 endoplasms
  4 giant cockroaches (D:1)
  8 goblins
  4 hobgoblins
  2 jackals (Sewer)
  5 kobolds
  6 quokkas
  2 frilled lizards (D:2)
  5 rats
126 creatures vanquished.

Vanquished Creatures (others)
  21 plants
21 creatures vanquished.

Grand Total: 147 creatures vanquished

Notes
Turn   | Place    | Note
-------+----------+-------------------------------------------
     0 | D:1      | wormed the Gargoyle Fighter began the quest for the Orb.
     0 | D:1      | Reached XP level 1. HP: 14/14 MP: 1/1
   313 | D:1      | Reached XP level 2. HP: 19/19 MP: 2/2
   878 | D:1      | Reached XP level 3. HP: 20/23 MP: 3/3
  1513 | D:2      | Reached XP level 4. HP: 10/29 MP: 1/4
  2095 | D:2      | Found Cevvuiph's Weapon Emporium.
  2389 | D:2      | HP: 1/29 [gnoll/+0 spear (5)]
  3087 | D:2      | Reached XP level 5. HP: 33/33 MP: 5/5
  3587 | D:3      | Found a glowing silver altar of Zin.
  3656 | D:3      | Found a faded altar of an unknown god.
  3953 | D:3      | Became a worshipper of Zin the Law-Giver
  3953 | D:3      | Reached * piety under Zin
  4012 | D:3      | Found a burning altar of Makhleb.
  4478 | D:4      | Found the +8 storm bow {elec, penet}
  4842 | D:4      | Found a glowing drain.
  4846 | Sewer    | Entered a sewer
  4909 | Sewer    | Noticed a kobold brigand
  4910 | Sewer    | Noticed a kobold brigand
  4995 | Sewer    | Killed a kobold brigand
  4996 | Sewer    | Reached XP level 6. HP: 28/39 MP: 2/6
  5167 | Sewer    | Found a white marble altar of Elyvilon.
  5249 | Sewer    | Fell from the grace of Zin
  5249 | Sewer    | Became a worshipper of Elyvilon the Healer
  5920 | D:5      | Entered Level 5 of the Dungeon
  5945 | D:5      | Noticed a +0 short sword
  5946 | D:5      | Noticed a +0 spear
  5947 | D:5      | Noticed a +0 short sword
  5947 | D:5      | Noticed a +0 falchion
  5948 | D:5      | Noticed a +0 dagger
  5974 | D:5      | Noticed a +0 spear
  5980 | D:5      | Noticed a +0 dagger
  5991 | D:5      | Noticed a +0 falchion
  6042 | D:5      | Found a hide-covered altar of Uskayaw.
  6071 | D:5      | Reached XP level 7. HP: 44/44 MP: 7/7
  6317 | D:5      | Reached skill level 5 in Maces & Flails
  6360 | D:5      | Reached skill level 5 in Fighting
  6360 | D:5      | Reached skill level 5 in Shields
  6369 | D:5      | Reached skill level 5 in Armour
  6732 | D:5      | Reached * piety under Elyvilon
  7184 | D:6      | Found Lirrofi's Vocational Training.
  7327 | D:6      | Reached XP level 8. HP: 30/50 MP: 4/8
  7791 | D:6      | Found a staircase to the Ecumenical Temple.
  7798 | Temple   | Entered the Ecumenical Temple
  7807 | Temple   | Fell from the grace of Elyvilon
  7807 | Temple   | Became a worshipper of the Shining One
  8253 | D:7      | Noticed a yak
  8254 | D:7      | Noticed a yak
  8260 | D:7      | Noticed a yak
  8260 | D:7      | Noticed a yak
  8286 | D:6      | Slain by a yak

Illustrated notes

Levels and vault maps discovered:
D:1:      dpeg_arrival_tiny_a, layout_loops_corners
D:2:      layout_basic, serial_shops, nicolae_shop_bloodbath_and_beyond,
          serial_bayou, serial_bayou_crossing, serial_bayou_lagoon_b,
          serial_bayou_lagoon_a, serial_bayou_shore_b, st_stairs_9,
          minmay_vboxes
D:3:      layout_basic, mainiacjoe_overflow_small_starburst, bloody_makhleb,
          serial_forest, infiniplex_forest_clump_medium,
          infiniplex_forest_clump_tiny, infiniplex_forest_lined_3_way,
          infiniplex_forest_straight_3, infiniplex_forest_lined_room_,
          infiniplex_forest_straight_4, infiniplex_forest_corner_1,
          infiniplex_forest_lined_corner, infiniplex_forest_end_1,
          shapermc_ecumenical_altar_hornbeckon, grunt_decor_arrowhead
D:4:      layout_basic, gup_sewer_entry_bowl
D:5:      layout_loops_ring, nicolae_uskayaw_en_pointe
D:6:      layout_loops_cross, minmay_temple_entry_overgrown, fountainhead,
          nicolae_shop_vocational
D:7:      layout_basic
Temple:   nicolae_temple_ecumenical_triangle

Skill      XL: |  1  2  3  4  5  6  7  8 |
---------------+-------------------------+-----
Maces & Flails | 3 4 5 6 |  6.9
Armour         | 4 5 6 |  6.0
Fighting       | 4 5 6 |  6.0
Shields        | 4 5 6 |  6.0

Action                   |  1- 3 |  4- 6 |  7- 9 || total
-------------------------+-------+-------+-------++-------
Melee: Flail             |   117 |   316 |   262 ||   695
  Use: Scroll            |     2 |     3 |     2 ||     7
       Potion            |       |     2 |     1 ||     3
Armor: Scale mail        |    76 |   205 |       ||   281
       Chain mail        |       |    11 |   197 ||   208
Dodge: Dodged            |    68 |   137 |    99 ||   304
Block: Buckler           |    32 |    68 |    73 ||   173
